 Dungeon Crawl Stone Soup version 0.28-a0-724-g66f9036eb4 (webtiles) character file.

Game seed: 18107134106676619161

5 meatgazer the Skirmisher (level 1, -3/14 HPs)
             Began as a Demonspawn Abyssal Knight on Oct 26, 2021.
             Was a Follower of Lugonu.
             Slain by a thrashing horror (11 damage)
             ... on level 1 of the Abyss.
             The game lasted 00:00:30 (404 turns).

meatgazer the Skirmisher (Demonspawn Abyssal Knight) Turns: 404, Time: 00:00:31

Health: -3/14      AC:  1    Str: 13    XL:     1   Next: 66%
Magic:  2/2        EV: 11    Int: 11    God:    Lugonu [*.....]
Gold:   8          SH:  0    Dex: 13    Spells: 0/0 levels left

rFire   . . .      SeeInvis .   a - +1 falchion
rCold   . . .      Faith    .   (no shield)
rNeg    . . .      Spirit   .   b - +0 leather armour
rPois   .          Reflect  .   (no helmet)
rElec   .          Harm     .   (no cloak)
rCorr   .          Rampage  .   (no gloves)
Will    .....                   (no boots)
Stlth   +.........              (no amulet)
HPRegen 0.04/turn               (no ring)
MPRegen 0.08/turn               (no ring)

@: unable to read
A: [deformed body], [frail 2], [no potion heal 2], [inability to read while
threatened]
a: Renounce Religion, Depart the Abyss


You were on level 1 of the Abyss.
You worshipped Lugonu.
Lugonu was aware of your devotion.
You visited 0 branches of the dungeon, and saw 0 of its levels.
You visited the Abyss 1 time.

You collected 8 gold pieces.

Inventory:

Hand Weapons
 a - a +1 falchion (weapon)
Armour
 b - a +0 leather armour (worn)


   Skills:
 + Level 3.2 Fighting
 + Level 1.8 Long Blades
 + Level 1.8 Armour
 + Level 1.0 Dodging
 + Level 2.5 Invocations


You couldn't memorise any spells.
You didn't know any spells.
Your spell library was empty.

Dungeon Overview and Level Annotations

Branches:
Dungeon (0/15)

Altars:


Innate Abilities, Weirdness & Mutations

[Armour fits poorly on your strangely shaped body.]
[You are very frail. (-20% HP)]
[Potions cannot restore your health.]
[You sometimes lose the ability to read scrolls when taking damage.]


Message History

The ufetubus is heavily wounded.
The ufetubus hits you. The ufetubus barely misses you. The ufetubus hits you.
The ufetubus closely misses you.
You hit the ufetubus.
You kill the ufetubus!
Your Dodging skill increases to level 1!
You start resting.
A small abomination comes into view.
A small abomination is nearby!
Found 8 gold pieces.
You now have 8 gold pieces.
Key pressed, stopping explore.
You are suddenly pulled into a different region of the Abyss!
HP restored.
You enter the shallow water.
Moving in this stuff is going to be slow.
c - a scroll labelled KOXINK PUUSO A wretched star comes into view.
The wretched star pulses with an eldritch light!
You lose the ability to read scrolls when threatened.
As you read the scroll labelled KOXINK PUUSO, it crumbles to dust.
It is a scroll of identify.
You don't have any unidentified items.
The wretched star pulses with an eldritch light!
Your system partially rejects the healing effects of potions.
Your system completely rejects the healing effects of potions.
The wretched star pulses with an eldritch light!
You feel frail. x2
The wretched star pulses with an eldritch light!
Your body twists and deforms.
A thrashing horror comes into view.
The thrashing horror roars!
The thrashing horror tramples you.
You hold your ground!
The thrashing horror tramples you.
You stumble backwards!
You hit the thrashing horror.
The thrashing horror is lightly damaged.
The thrashing horror tramples you!
You feel threatened and lose the ability to read scrolls!
Ouch! That really hurt!
You die...

#### .# .. .#.
. . ##..#. .#
#.#..... .##
...#.###...
#....#.# .
###...X.#
...#.##.#@.#
#.....###.#
#######.....##
. ..#.
##.###.# .. .
..#.#*#.#..#
≈# . #.#..
..#.# ≈# .. ##
.*##....#
..###
#...#..#... #
≈.##.
.#.#*#.###..


You could see a thrashing horror.

Vanquished Creatures
  An ufetubus (Abyss:1)
1 creature vanquished.

Notes
Turn   | Place    | Note
-------+----------+-------------------------------------------
     0 | Abyss:1  | meatgazer the Demonspawn Abyssal Knight began the quest for
                  | the Orb.
     0 | Abyss:1  | Reached XP level 1. HP: 18/18 MP: 2/2
    59 | Abyss:1  | Found a corrupted altar of Lugonu.
   149 | Abyss:1  | Found a corrupted altar of Lugonu.
   173 | Abyss:1  | Reached skill level 1 in Dodging
   182 | Abyss:1  | Noticed a small abomination
   385 | Abyss:1  | Noticed a wretched star
   401 | Abyss:1  | Noticed a thrashing horror
   404 | Abyss:1  | Slain by a thrashing horror

Illustrated notes

Levels and vault maps discovered:
Abyss:1:  base: Temple, hangedman_decor_lopped, base:
Temple

Skill      XL: |  1 |
---------------+----+-----
Dodging        | 1 |  1.0
Fighting       | |  3.2
Long Blades    | |  1.8
Armour         | |  1.8
Invocations    | |  2.5

Action                   || total
-------------------------++-------
Melee: Falchion          ||     8
  Use: Scroll            ||     1
Armor: Leather armour    ||     4
Dodge: Dodged            ||    14

Table legend: (Time is in decaauts)
 A = Elapsed time spent in this place.
 B = Non-inter-level travel time spent in this place.
 C = Inter-level travel time spent in this place.
 D = Time resting spent in this place.
 E = Time spent auto-exploring this place.
 F = Levels seen in this place.
 G = Mean time per level.
                   A        B        C        D        E       F      G
               +--------+--------+--------+--------+--------+-----+--------+
         Total |    409 |    409 |      0 |     10 |    345 |   1 |  409.0 |
         Abyss |    409 |    409 |      0 |     10 |    345 |   1 |  409.0 |
               +--------+--------+--------+--------+--------+-----+--------+

Top non-repeatable levels by time:
 Abyss:1: 409 daAuts
